 Dungeon Crawl Stone Soup version 0.23.2-1-ga50397a6bc (webtiles) character file.

Game seed: 8209639700099533777

615 Foic the Magician (level 7, -1/32 HPs)
             Began as a Vine Stalker Wizard on May 26, 2019.
             Was a Follower of Sif Muna.
             Slain by a killer bee (7 damage)
             ... on level 3 of the Dungeon.
             The game lasted 00:23:17 (5109 turns).

Foic the Magician (Vine Stalker Wizard)             Turns: 5109, Time: 00:23:23

Health: -1/32      AC:  3    Str:  8 (10) XL:     7   Next: 45%
Magic:  0/17       EV: 14    Int: 19 (20) God:    Sif Muna [*.....]
Gold:   137        SH:  0    Dex: 15 (17) Spells: 8/18 levels left

rFire    . . .     SeeInvis .   s - +1 dagger (vamp)
rCold    . . .     Gourm    .   (no shield)
rNeg     . . .     Faith    .   a - +0 robe
rPois    .         Spirit   +   b - +1 hat
rElec    .         Reflect  .   (no cloak)
rCorr    .         Harm     .   (no gloves)
MR       .....                  (no boots)
Stlth    ++........             c - amulet of regeneration
HPRegen  0.90/turn              e - +2 ring of dexterity
MPRegen  0.15/turn              h - +3 ring of dexterity

@: lethally poisoned (-1 -> -2)
A: fangs 2, regeneration 1, magic shield, antimagic bite, no potion heal 3, rot
immunity
a: Divine Energy, Renounce Religion


You were on level 3 of the Dungeon.
You worshipped Sif Muna.
Sif Muna was aware of your devotion.
You were not hungry.

You visited 1 branch of the dungeon, and saw 4 of its levels.

You collected 137 gold pieces.

Inventory:

Hand Weapons
 l - a +2 short sword of speed
 s - a +1 vampiric dagger (weapon)
Missiles
 o - 18 arrows
 p - 3 javelins (quivered)
Armour
 a - a +0 robe (worn)
 b - a +1 hat (worn)
 q - a +0 leather armour
Jewellery
 c - an amulet of regeneration (around neck)
 e - a +2 ring of dexterity (left hand)
 g - an uncursed ring of stealth
 h - a +3 ring of dexterity (right hand)
 u - an uncursed ring of attention
 v - a +4 ring of strength
Wands
 k - a wand of digging (9)
 r - a wand of disintegration (8)
Scrolls
 f - a scroll of fear {unknown}
 j - 2 scrolls of enchant armour
 m - a scroll of identify
Potions
 i - a potion of flight
 n - a potion of lignification
 w - 2 potions of agility {unknown}
Comestibles
 d - 5 rations
 t - 3 chunks of flesh


   Skills:
 + Level 0.5 Fighting
 + Level 1.2 Short Blades
 * Level 3.5 Dodging
 * Level 3.2 Stealth
 * Level 6.3 Spellcasting
 + Level 1.8 Conjurations
 + Level 1.3 Hexes
 + Level 1.9 Summonings
 + Level 1.0 Translocations


You had 8 spell levels left.
You knew the following spells:

 Your Spells              Type           Power        Failure   Level  Hunger
a - Magic Dart            Conj           ##..         4%          1    None
b - Blink                 Tloc           N/A          11%         2    None
c - Call Imp              Summ           ##......     8%          2    None
d - Slow                  Hex            ##......     10%         2    None
e - Conjure Flame         Conj/Fire      #.......     22%         3    ##.....

Your spell library contained the following spells:

 Spells                   Type           Power        Failure   Level  Hunger
 Mephitic Cloud           Conj/Pois/Air  #.......     26%         3    ##.....


Dungeon Overview and Level Annotations

Branches:
Dungeon (4/15)
 Temple: D:4-7

Altars:
Fedhas
Nemelex Xobeh
Sif Muna


Innate Abilities, Weirdness & Mutations

You have extremely sharp teeth.
Your natural rate of healing is unusually fast.
When hurt, damage is shared between your health and your magic reserves.
Your bite disrupts and absorbs the magic of your enemies.
Potions cannot restore your health.
You are immune to rotting.


Message History

You feel sick.
You see here a tomahawk.
You barely miss the killer bee.
The killer bee is heavily wounded.
You feel sick. The killer bee closely misses you.
You hit the killer bee.
The killer bee is almost dead.
You feel sick. The killer bee closely misses you.
The killer bee barely misses you.
You hit the killer bee but do no damage.
The killer bee is almost dead.
The killer bee is no longer moving slowly.
Your crimson imp hits the killer bee.
The killer bee misses your crimson imp.
You hit the killer bee.
You feel better.
The killer bee is almost dead.
You feel sick.
The killer bee stings you but does no damage.
Your white imp misses the killer bee.
Your crimson imp misses the killer bee.
The killer bee stings you!
You die...

........##.###...................
...)....#........######.........#
........#........#####..........#
........#......................÷)
........#........###.############
........#........##.## #.
........####.#####.## #.
##.####(###.#####.### #.
#.####.......5y@..(# ##
#........5...5...#.# #
#....§..#########[.# #
#...........# ##.#############
#...........# #.......#......
######......# #..............
#######.<....# #..............
.............# #..............
.............# #..............


You could see a killer bee, 2 friendly crimson imps and a friendly white imp.

Vanquished Creatures
  Grinder (D:2)
  Sigmund (D:3)
  A howler monkey (D:4)
  A hound skeleton (D:2)
  5 adders
  An ooze (D:3)
  3 worms
  3 dart slugs
  A leopard gecko (D:1)
  2 orcs (D:3)
  8 bats
  3 giant cockroaches
  4 hobgoblins
  4 jackals (D:3)
  7 kobolds
  A quokka (D:3)
  A ball python (D:2)
  3 frilled lizards
  9 goblins
  A quokka skeleton (D:2)
  6 rats
66 creatures vanquished.

Vanquished Creatures (collateral kills)
  A sky beast (D:3)
  A scorpion (D:2)
  Terence (D:3)
  A howler monkey skeleton (D:4)
  An ooze (D:1)
  A worm (D:3)
  A leopard gecko (D:3)
  4 orcs (D:3)
  A giant cockroach (D:1)
  A hobgoblin (D:3)
  4 jackals (D:3)
  A kobold (D:3)
  A frilled lizard (D:4)
  A rat (D:3)
20 creatures vanquished.

Vanquished Creatures (others)
  3 fungi (D:2)
3 creatures vanquished.

Grand Total: 89 creatures vanquished

Notes
Turn   | Place    | Note
-------+----------+-------------------------------------------
     0 | D:1      | Foic the Vine Stalker Wizard began the quest for the Orb.
     0 | D:1      | Reached XP level 1. HP: 9/9 MP: 5/5
   350 | D:1      | Reached XP level 2. HP: 11/13 MP: 2/7
   354 | D:1      | Learned a level 2 spell: Blink
   357 | D:1      | Learned a level 2 spell: Call Imp
   360 | D:1      | Learned a level 2 spell: Slow
   461 | D:1      | Found a sparkling altar of Nemelex Xobeh.
   892 | D:1      | Reached skill level 4 in Spellcasting
  1555 | D:2      | Found a blossoming altar of Fedhas.
  1568 | D:1      | Reached XP level 3. HP: 12/16 MP: 0/9
  2198 | D:2      | Gained mutation: Your natural rate of healing is unusually
                  | fast. [Vine Stalker growth]
  2198 | D:2      | Reached XP level 4. HP: 21/21 MP: 0/11
  2664 | D:2      | Reached XP level 5. HP: 24/24 MP: 2/12
  2838 | D:2      | Found a deep blue altar of Sif Muna.
  2844 | D:2      | Became a worshipper of Sif Muna the Loreminder
  2849 | D:2      | Learned a level 3 spell: Conjure Flame
  3162 | D:3      | Noticed Terence
  3244 | D:3      | Killed Terence
  4004 | D:3      | Noticed Grinder
  4008 | D:3      | Noticed Sigmund
  4050 | D:2      | Killed Grinder
  4050 | D:2      | Reached skill level 5 in Spellcasting
  4050 | D:2      | Reached XP level 6. HP: 17/28 MP: 6/15
  4183 | D:3      | Reached * piety under Sif Muna
  4457 | D:3      | Killed Sigmund
  4457 | D:3      | Reached skill level 1 in Short Blades
  4457 | D:3      | Reached skill level 6 in Spellcasting
  4457 | D:3      | Reached skill level 1 in Hexes
  4457 | D:3      | Reached XP level 7. HP: 30/32 MP: 9/17
  5109 | D:3      | Slain by a killer bee

Skill      XL: |  1  2  3  4  5  6 |
---------------+-------------------+-----
Spellcasting   | 4 5 6 |  6.3
Dodging        | 2 3 |  3.5
Stealth        | 3 |  3.2
Short Blades   | 1 |  1.2
Hexes          | 1 |  1.3
Fighting       | |  0.5
Conjurations   | |  1.8
Summonings     | |  1.9
Translocations | |  1.0

Action                   |  1- 3 |  4- 6 |  7- 9 || total
-------------------------+-------+-------+-------++-------
Melee: Short sword       |    11 |    65 |     1 ||    77
       Bite              |     1 |    17 |     8 ||    26
       Dagger            |       |       |    35 ||    35
 Cast: Magic Dart        |    83 |    54 |     8 ||   145
       Call Imp          |     3 |    26 |    10 ||    39
       Blink             |     3 |       |     3 ||     6
       Slow              |       |    22 |    10 ||    32
  Use: Potion            |       |     5 |       ||     5
       Scroll            |       |     6 |       ||     6
 Stab: Sleeping          |       |       |     1 ||     1
  Eat: Chunk             |     4 |     7 |     1 ||    12
       Ration            |       |       |     2 ||     2
Armor: Robe              |    10 |    13 |     4 ||    27
Dodge: Dodged            |    32 |    45 |    26 ||   103
